 Dungeon Crawl Stone Soup version 0.28.0 (console) character file.

Game seed: 6968624209076426607

161870 jejorda2 the Blocker (level 17, -8/95 HPs)
             Began as a Vine Stalker Berserker on Feb 8, 2022.
             Was a High Priest of Trog.
             Killed from afar by a will-o-the-wisp (16 damage)
             ... with a foxfire
             ... on level 4 of the Swamp on Feb 9, 2022.
             The game lasted 01:41:33 (26301 turns).

jejorda2 the Blocker (Vine Stalker Berserker)      Turns: 26301, Time: 01:41:33

Health: -8/95      AC: 41    Str: 29    XL:     17   Next: 79%
Magic:  0/18       EV:  9    Int:  7    God:    Trog [*****.]
Gold:   2312       SH: 13    Dex: 13    Spells: 16/16 levels left

rFire   . . .      SeeInvis .   a - +3 quick blade (vorpal)
rCold   . . .      Faith    +   Y - +0 kite shield {reflect}
rNeg    . . .      Spirit   +   A - +15 Maxwell's patent armour {-Cast -Tele rElec Will+ rCorr}
rPois   +          Reflect  +   j - +2 helmet
rElec   +          Harm     .   u - +0 cloak
rCorr   +          Rampage  +   d - +0 pair of gloves
Will    +++++      NoTele   +   G - +2 pair of boots {rampage}
Stlth   .......... NoCast   +   H - amulet of faith
HPRegen 2.05/turn               W - ring of poison resistance
MPRegen 0.16/turn               V - ring of flight

@: strong-willed, on berserk cooldown, flying, regenerating, hasted and slowed
A: fangs 3, regeneration 1, magic shield, antimagic bite, no potion heal 2
a: Renounce Religion, Berserk, Trog's Hand, Brothers in Arms


You were on level 4 of the Swamp.
You worshipped Trog.
Trog was extremely pleased with you.
You visited 4 branches of the dungeon, and saw 27 of its levels.
You also visited: Sewer, Ossuary and Gauntlet.

You collected 2626 gold pieces.
You spent 314 gold pieces at shops.

Inventory:

Hand Weapons
 a - a +3 vorpal quick blade (weapon)
Missiles
 l - 35 poisoned darts
 m - 19 boomerangs (quivered)
 y - 11 curare-tipped darts
 J - 4 silver javelins
 K - 2 silver boomerangs
 M - 4 throwing nets
 N - 9 javelins
Armour
 d - a +0 pair of gloves (worn)
 j - a +2 helmet (worn)
 u - a +0 cloak (worn)
 A - the +15 Maxwell's patent armour (worn) {-Cast -Tele rElec Will+ rCorr}
   (You found it on level 8 of the Dungeon)

   rElec:     It insulates you from electricity.
   -Cast:     It prevents spellcasting.
   -Tele:     It prevents most forms of teleportation.
   rCorr:     It protects you from acid and corrosion.
   Will:      It increases your willpower.
 G - a +2 pair of boots of rampaging (worn)
 Y - a +0 kite shield of reflection (worn)
Jewellery
 C - a +4 ring of slaying
 D - a ring of fire
 H - an amulet of faith (around neck)
 I - a ring of protection from fire
 L - the ring "Veolifeu" {rElec Str+4 Dex+6 SInv}
   (You acquired it on level 5 of the Lair of Beasts)

   [ring of dexterity]

   Str:       It affects your strength (+4).
   Dex:       It affects your dexterity (+6).
   rElec:     It insulates you from electricity.
   SInv:      It lets you see invisible.
 U - a ring of protection from cold
 V - a ring of flight (right hand)
 W - a ring of poison resistance (left hand)
Wands
 c - a wand of acid (8)
 e - a wand of polymorph (4)
 o - a wand of paralysis (25)
 x - a wand of flame (67)
 B - a wand of charming (14)
 F - a wand of mindburst (16)
 P - a wand of digging (11)
 T - a wand of iceblast (27)
Scrolls
 b - 4 scrolls of fear
 i - a scroll of blinking
 p - 6 scrolls of fog
 v - a scroll of holy word
 w - 5 scrolls of magic mapping
 z - 3 scrolls of teleportation
 O - 4 scrolls of silence
 X - a scroll of summoning
Potions
 f - 8 potions of magic
 g - 7 potions of lignification
 h - 8 potions of curing
 k - 3 potions of invisibility
 n - 8 potions of might
 q - 6 potions of haste
 r - 3 potions of mutation
 s - 5 potions of ambrosia
 t - 3 potions of resistance
 E - a potion of attraction
 R - 3 potions of flight
 S - a potion of cancellation
Miscellaneous
 Q - a condenser vane
 Z - a lightning rod (4/4)


   Skills:
 + Level 13.6 Fighting
 - Level 8.0 Short Blades
 * Level 13.2 Throwing
 + Level 13.3 Armour
 - Level 6.0 Dodging
 - Level 14.0 Shields
 - Level 6.0 Evocations


You had 16 spell levels left.
You didn't know any spells.
Your spell library was empty.

Dungeon Overview and Level Annotations

Branches:
Dungeon (15/15)            Temple (0/1) D:5            Lair (6/6) D:8
  Swamp (4/4) Lair:2        Snake (0/4) Lair:4        Slime (0/5) Lair:5
    Orc (2/2) D:11            Elf (0/3) Orc:2        Vaults (0/5) D:14
 Depths (0/4) D:15          Sewer (visited)         Ossuary (visited)
Gauntlet (visited)

Altars:
Ashenzari
Dithmenos
Gozag
Hepliaklqana
Kikubaaqudgha
Makhleb
Okawaru
Qazlal
Ru
Sif Muna
Trog
Wu Jian
Xom
Yredelemnul
Zin
The Shining One
Beogh
Jiyva

Shops:
D:11 *   D:15 [   Orc:2 [:(=(

Portals:
Hell: Lair:6
Abyss: Lair:2

Annotations:
D:15 3 runed translucent doors, Yakesh's ghost, journeyman MiFi


Innate Abilities, Weirdness & Mutations

You have razor-sharp teeth.
Your natural rate of healing is unusually fast.
When hurt, damage is shared between your health and your magic reserves.
Your bite disrupts and absorbs the magic of your enemies.
Potions cannot restore your health.


Message History

The will-o-the-wisp blinks!
Items here: $ †.
A goliath frog comes into view.
Found 11 gold pieces and a runed orb.
You feel a strong urge to attack something.
A tree reaches out and hits you!
* * * LOW HITPOINT WARNING * * *
The spriggan druid is engulfed in noxious fumes.
The spriggan druid appears confused.
The spriggan druid hits the four-headed hydra with a +0 quarterstaff!
A swamp dragon comes into view.
Found 19 gold pieces.
The swamp dragon roars deafeningly!
The hornet stings the five-headed hydra!
A swamp dragon comes into view.
Found 19 gold pieces.
You feel your anger nearly subside.
You are no longer berserk.
You are exhausted.
You feel yourself slow down.
The alligator puts on a burst of speed!
Press: ? - help, v - describe, . - travel, g - get item
Here: a swamp dragon Item here: 19 gold pieces.
The floor.
Unknown command.
You feel yourself speed up.
The will-o-the-wisp gestures.
The will-o-the-wisp conjures some foxfire!
The swamp dragon breathes poison at you.
The blast of poison engulfs you but does no damage.
You resist.
The will-o-the-wisp gestures.
The will-o-the-wisp conjures some foxfire!
The alligator is engulfed in poison gas.
The alligator is poisoned.
The alligator bites you but does no damage.
The alligator tail-slaps you but does no damage.
The five-headed hydra bites you but does no damage. x5 4 foxfires come into view.
The foxfire hits you!!
You die...

♣♣♣♣ ♣♣.♣≈ ♣♣ ♣....
♣♣.♣ ♣..[$♣♣..$ ♣♣
♣≈≈☼D... ≈.♣♣ ♣..☼...♣
.?.♣♣ ♣.$.○.§♣♣≈..$♣♣
♣♣.≈☼°@♣≈.≈....♣
♣..§☼v♣≈.≈.♣≈≈♣
♣♣≈♣vDt♣w.y..♣♣
♣≈..§vD≈.....≈♣ ♣♣♣♣
♣♣♣♣♣..v§.♣D♣.?..≈
♣..≈♣♣≈≈≈F≈≈§§≈D≈.≈$..♣
)≈..≈§.≈≈≈.§≈≈##D##≈..♣
≈≈≈≈.≈§..≈♣≈♣##.Di# ♣≈♣
≈≈≈≈.≈..≈[[# .k.○# ≈≈


You could see a five-headed hydra, a swamp dragon, a goliath frog, a
will-o-the-wisp, a swamp worm and a hornet (confused).

Vanquished Creatures
  Nikola (Swamp:3)
  Jorgrun (Orc:2)
  Mlioglotl (Swamp:1)
  Frances (Swamp:1)
  A thorn hunter (Swamp:3)
  Kirke (D:13)
  Donald (Swamp:3)
  A fenstrider witch (Swamp:4)
  Aizul (Swamp:1)
  3 ghouls (Swamp:2)
  Nessos (Orc:2)
  A dire elephant (Lair:6)
  6 bunyips
  4 eleionomae
  A minotaur (Gauntlet)
  Snorg (Orc:2)
  3 shambling mangroves
  The ghost of Junaliek the Protected, a journeyman MiFi of Okawaru (Lair:2)
  Josephine (Orc:2)
  Erolcha (D:11)
  21 hydras
  Harold (D:11)
  5 boulder beetles
  A rakshasa (D:14)
  7 centaur warriors
  Erica (Lair:1)
  2 ghost crabs
  2 catoblepae
  6 two-headed ogres
  5 death yaks (Lair:6)
  A death scarab (Gauntlet)
  2 death knights
  12 alligators
  4 tengu warriors
  A deep troll earth mage (D:14)
  A sun demon (Lair:6)
  Sonja (Orc:1)
  Nergalle (Lair:1)
  2 goliath frogs
  A skeletal warrior (D:15)
  A spark wasp zombie (D:15)
  A spriggan druid (Swamp:3)
  9 swamp dragons
  7 bog bodies
  A phantasmal warrior (D:15)
  3 wizards
  A necromancer (D:15)
  7 orc knights
  A stone giant zombie (D:15)
  6 cyclopes
  15 ugly things
  3 deep elf pyromancers
  3 manticores
  7 elephants
  5 will-o-the-wisps
  Maurice (D:11)
  A moth of wrath (Gauntlet)
  6 black mambas
  A guardian serpent (shapeshifter) (D:14)
  A smoke demon (Lair:2)
  3 torpor snails
  18 cane toads
  An orange demon (Lair:6)
  4 gargoyles
  2 unseen horrors
  A spriggan zombie (D:15)
  8 spectral spriggans (Swamp:2)
  Maggie (Lair:2)
  Psyche (D:11)
  A yaktaur (D:15)
  6 rime drakes
  2 ice devils (Lair:6)
  11 komodo dragons
  A hellwing (Lair:6)
  3 tengu conjurers
  4 freezing wraiths
  2 efreet
  A guardian mummy (D:15)
  An ancient zyme (Lair:2)
  11 hornets
  9 trolls
  3 meliai (Gauntlet)
  A bloated husk (Swamp:1)
  A polar bear (Lair:6)
  8 blink frogs
  Prince Ribbit (D:7)
  3 tyrant leeches
  2 raiju (Gauntlet)
  A raiju (shapeshifter) (D:14)
  6 dream sheep (Lair:4)
  A spectral dream sheep (Gauntlet)
  2 centaur simulacra (D:14)
  9 spriggans
  4 shadows (Gauntlet)
  21 slime creatures
  20 yaks
  A spriggan skeleton (D:15)
  A vampire (D:11)
  4 basilisks
  2 water elementals (D:15)
  4 wyverns
  8 wraiths
  3 steam dragons
  Eustachio (D:6)
  A hog (shapeshifter) (D:11)
  A hog (D:13)
  4 redbacks (Gauntlet)
  8 vampire mosquitoes
  A large abomination (Lair:2)
  7 wargs
  12 swamp worms
  2 acid dragons
  Duvessa (D:5)
  9 water moccasins
  A hell hound (Lair:6)
  4 ice beasts
  2 sky beasts
  3 black bears
  3 swamp drakes (Swamp:4)
  36 orc warriors
  A boggart (D:14)
  7 wolves
  10 centaurs
  5 ogres
  2 phantoms
  3 kobold brigands
  9 bullfrogs
  A scorpion (D:6)
  A wyvern zombie (D:8)
  A wyvern skeleton (D:7)
  A water moccasin skeleton (D:5)
  Dowan (D:5)
  4 wights (D:6)
  5 electric eels (Lair:2)
  A jelly (D:7)
  A bullfrog zombie (D:6)
  A bullfrog skeleton (D:4)
  2 gnoll shamans
  2 hounds
  10 orc priests
  A centaur skeleton (D:6)
  An iguana (D:7)
  15 orc wizards
  A lightning spire (Gauntlet)
  A hound skeleton (D:4)
  A mummy (Ossuary)
  11 gnolls
  8 adders
  An ufetubus (D:5)
  3 worms
  2 dart slugs
  62 orcs
  10 ball pythons
  5 bats
  7 endoplasms
  6 giant cockroaches
  5 hobgoblins
  6 jackals
  8 quokkas
  10 frilled lizards
  6 gnoll skeletons (Ossuary)
  7 goblins
  28 kobolds
  7 kobold skeletons (Ossuary)
  12 orc skeletons (Ossuary)
  2 rats
776 creatures vanquished.

Vanquished Creatures (collateral kills)
  An ice devil (Lair:6)
  A red devil (Lair:6)
  A spriggan (Swamp:1)
  A basilisk (Lair:3)
  A swamp worm (Swamp:3)
  3 hell hounds (Lair:6)
  6 wolves
14 creatures vanquished.

Vanquished Creatures (others)
  A bog body (Swamp:2)
  5 bloated husks
  A swamp worm (Swamp:1)
  26 foxfires
  15 fungi
  19 plants
  8 withered plants (D:15)
75 creatures vanquished.

Grand Total: 865 creatures vanquished

Notes
Turn   | Place    | Note
-------+----------+-------------------------------------------
     0 | D:1      | jejorda2 the Vine Stalker Berserker began the quest for the
                  | Orb.
     0 | D:1      | Reached XP level 1. HP: 11/11 MP: 2/2
    96 | D:1      | Reached XP level 2. HP: 12/16 MP: 3/3
   572 | D:1      | Found a faded altar of an unknown god.
  1031 | D:1      | Reached XP level 3. HP: 19/19 MP: 4/4
  2109 | D:3      | Gained mutation: Your natural rate of healing is unusually
                  | fast. [Vine Stalker growth]
  2109 | D:3      | Reached XP level 4. HP: 24/24 MP: 5/5
  2152 | D:3      | Reached ** piety under Trog
  2294 | D:3      | Noticed an ice beast
  2318 | D:3      | Killed an ice beast
  2319 | D:3      | Reached XP level 5. HP: 24/28 MP: 6/6
  2777 | D:4      | Found a stormy altar of Qazlal.
  2798 | D:4      | Noticed a sky beast
  2804 | D:4      | Killed a sky beast
  2805 | D:4      | Reached XP level 6. HP: 32/33 MP: 2/7
  2840 | D:4      | Reached skill level 5 in Short Blades
  2947 | D:4      | Found a shimmering blue altar of Sif Muna.
  3029 | D:4      | Found a sand-covered staircase.
  3038 | Ossuary  | Entered an ossuary
  3038 | Ossuary  | Noticed a wraith
  3038 | Ossuary  | Noticed a wraith
  3038 | Ossuary  | Noticed a wraith
  3118 | Ossuary  | Noticed a wraith
  3132 | Ossuary  | Killed a wraith
  3133 | Ossuary  | Reached XP level 7. HP: 37/37 MP: 8/8
  3186 | Ossuary  | Identified a scroll of acquirement
  3186 | Ossuary  | Acquired a +3 quick blade
  3266 | Ossuary  | Reached *** piety under Trog
  3338 | D:4      | Found a shimmering altar of Xom.
  3437 | D:4      | Found a sacrificial altar of Ru.
  4064 | D:5      | Entered Level 5 of the Dungeon
  4143 | D:5      | Found a staircase to the Ecumenical Temple.
  4190 | D:5      | Found an ancient bone altar of Kikubaaqudgha.
  4241 | D:5      | Noticed Duvessa
  4241 | D:5      | Noticed Dowan
  4251 | D:5      | Killed Duvessa
  4256 | D:5      | Killed Dowan
  4257 | D:5      | Gained mutation: You have razor-sharp teeth. [Vine Stalker
                  | growth]
  4257 | D:5      | Reached XP level 8. HP: 42/42 MP: 9/9
  4885 | D:6      | Found a glowing drain.
  4902 | Sewer    | Entered a sewer
  5235 | D:6      | Reached skill level 5 in Fighting
  5492 | D:6      | Reached **** piety under Trog
  5534 | D:6      | Found a broken altar of Ashenzari.
  5623 | D:6      | Found a hazy altar of Hepliaklqana.
  5812 | D:6      | Reached skill level 5 in Armour
  5818 | D:6      | Noticed Eustachio
  5829 | D:6      | Killed Eustachio
  5830 | D:6      | Reached XP level 9. HP: 42/47 MP: 7/10
  6158 | D:7      | Found a shadowy altar of Dithmenos.
  6369 | D:7      | Noticed Prince Ribbit
  6391 | D:7      | Killed Prince Ribbit
  6824 | D:8      | Reached ***** piety under Trog
  6862 | D:8      | Found the +15 Maxwell's patent armour {-Cast -Tele rElec
                  | Will+ rCorr}
  6922 | D:8      | Reached XP level 10. HP: 53/53 MP: 11/11
  7024 | D:8      | Found an ornate altar of the Wu Jian Council.
  7040 | D:8      | Noticed a boulder beetle
  7084 | D:8      | Killed a boulder beetle
  7088 | D:8      | Noticed a deep elf pyromancer
  7096 | D:8      | Killed a deep elf pyromancer
  7097 | D:8      | Noticed a tengu warrior
  7119 | D:8      | Noticed a centaur warrior
  7138 | D:8      | Killed a centaur warrior
  7205 | D:8      | Reached skill level 5 in Dodging
  7206 | D:8      | Noticed a catoblepas
  7231 | D:8      | Killed a catoblepas
  7232 | D:8      | Reached XP level 11. HP: 39/58 MP: 9/12
  7266 | D:8      | Killed a tengu warrior
  7926 | D:8      | Found a staircase to the Lair.
  8157 | Lair:1   | Entered Level 1 of the Lair of Beasts
  8317 | Lair:1   | Noticed Nergalle
  8343 | Lair:1   | Killed Nergalle
  8403 | Lair:1   | Reached skill level 1 in Shields
  8522 | Lair:1   | Noticed Erica
  8546 | Lair:1   | Killed Erica
  8547 | Lair:1   | Reached skill level 2 in Shields
  8784 | Lair:2   | Noticed Maggie
  8794 | Lair:2   | Killed Maggie
  8795 | Lair:2   | Reached skill level 10 in Armour
  8795 | Lair:2   | Reached skill level 3 in Shields
  8840 | Lair:2   | Found a staircase to the Swamp.
  8980 | Lair:2   | Noticed a seven-headed hydra
  8989 | Lair:2   | Killed a seven-headed hydra
  8990 | Lair:2   | Reached skill level 4 in Shields
  9082 | Lair:2   | Noticed a purple ugly thing
  9090 | Lair:2   | Found a one-way gate to the infinite horrors of the Abyss.
  9090 | Lair:2   | Found a transporter.
  9122 | Lair:2   | Reached XP level 12. HP: 30/65 MP: 13/13
  9276 | Lair:2   | Reached skill level 5 in Shields
  9445 | Lair:2   | Found a transporter.
  9473 | Lair:2   | Noticed Junaliek's ghost (journeyman MiFi)
  9818 | Lair:2   | Reached skill level 6 in Shields
  9848 | Lair:2   | Killed Junaliek's ghost
 10177 | Lair:3   | Reached skill level 7 in Shields
 10204 | Lair:3   | Noticed an eight-headed hydra
 10211 | Lair:3   | Killed an eight-headed hydra
 10536 | Lair:3   | Reached skill level 10 in Fighting
 10828 | Lair:3   | Reached skill level 8 in Shields
 10828 | Lair:3   | Reached XP level 13. HP: 72/72 MP: 14/14
 11120 | Lair:4   | Found a staircase to the Snake Pit.
 11241 | Lair:4   | Reached skill level 9 in Shields
 11318 | Lair:4   | Reached ****** piety under Trog
 11369 | Lair:4   | Acquired an amulet of faith
 11863 | Lair:5   | Found a viscous altar of Jiyva.
 11877 | Lair:5   | Found a gate leading to a gauntlet.
 11889 | Gauntlet | Entered a Gauntlet
 11889 | Gauntlet | Found a transporter.
 11901 | Gauntlet | Found a transporter.
 11902 | Gauntlet | Found a transporter.
 11910 | Gauntlet | Found a transporter.
 11913 | Gauntlet | Found a transporter.
 11914 | Gauntlet | Found a transporter.
 11924 | Gauntlet | Found a transporter.
 11926 | Gauntlet | Found a transporter.
 11927 | Gauntlet | Found a transporter.
 11938 | Gauntlet | Found a transporter.
 11938 | Gauntlet | Found a transporter.
 11939 | Gauntlet | Found a transporter.
 11948 | Gauntlet | Found a transporter.
 12007 | Gauntlet | Found a transporter.
 12165 | Gauntlet | Received a gift from Trog
 12230 | Gauntlet | Reached skill level 10 in Shields
 12307 | Gauntlet | Noticed a minotaur
 12328 | Gauntlet | Killed a minotaur
 12367 | Gauntlet | Found the +9 sword of Zonguldrok {reap}
 12479 | Lair:5   | Acquired the ring "Veolifeu" {rElec Str+4 Dex+6 SInv}
 12787 | Lair:5   | Found a staircase to the Slime Pits.
 13195 | Lair:6   | Entered Level 6 of the Lair of Beasts
 13345 | Lair:6   | Reached XP level 14. HP: 64/79 MP: 12/15
 13369 | Lair:6   | Noticed a dire elephant
 13386 | Lair:6   | Killed a dire elephant
 13387 | Lair:6   | Reached skill level 11 in Shields
 13788 | Lair:6   | Reached skill level 12 in Shields
 14345 | Lair:6   | Found a burning altar of Makhleb.
 14364 | Lair:6   | Reached skill level 1 in Throwing
 14364 | Lair:6   | Reached skill level 1 in Evocations
 14366 | Lair:6   | Found a gateway to Hell.
 14714 | D:9      | Found a bloodstained altar of Trog.
 15341 | D:10     | Entered Level 10 of the Dungeon
 15556 | D:10     | Found a glowing golden altar of the Shining One.
 15556 | D:10     | Found a burning altar of Makhleb.
 15562 | D:10     | Found a basalt altar of Yredelemnul.
 15564 | D:10     | Found an iron altar of Okawaru.
 15566 | D:10     | Found a faded altar of an unknown god.
 15646 | D:10     | Found a glowing silver altar of Zin.
 15785 | D:10     | Found an opulent altar of Gozag.
 16193 | D:11     | Found Tuvexoac's Fire Supplies.
 16210 | D:11     | Noticed Harold
 16229 | D:11     | Killed Harold
 16330 | D:11     | Noticed Maurice
 16345 | D:11     | Killed Maurice
 16382 | D:11     | Found a staircase to the Orcish Mines.
 16384 | D:11     | Received a gift from Trog
 16457 | D:11     | Noticed Erolcha
 16463 | D:11     | Killed Erolcha
 16524 | D:11     | Reached XP level 15. HP: 74/84 MP: 16/16
 16587 | D:11     | Reached skill level 5 in Throwing
 16754 | D:11     | Noticed Psyche
 16759 | D:11     | Killed Psyche
 16760 | D:11     | Reached skill level 5 in Evocations
 17271 | D:12     | Found an iron altar of Okawaru.
 18132 | D:13     | Noticed Kirke
 18146 | D:13     | Killed Kirke
 18537 | D:14     | Found a broken altar of Ashenzari.
 18814 | D:14     | Received a gift from Trog
 19274 | D:14     | Found a gate to the Vaults.
 19422 | D:14     | Reached skill level 13 in Shields
 19593 | D:15     | Entered Level 15 of the Dungeon
 19647 | D:15     | Found Femudoet's Antique Armour Shop.
 19691 | D:15     | Found a staircase to the Depths.
 19893 | D:15     | Received a gift from Trog
 19951 | D:15     | Found a runed translucent gate.
 19951 | D:15     | Found a runed translucent gate.
 19952 | D:15     | Found a runed translucent gate.
 19954 | D:15     | Noticed Yakesh's ghost (journeyman MiFi)
 19987 | D:15     | Reached XP level 16. HP: 88/88 MP: 17/17
 20710 | D:15     | Reached skill level 14 in Shields
 20984 | Orc:1    | Entered Level 1 of the Orcish Mines
 21072 | Orc:2    | Entered Level 2 of the Orcish Mines
 21072 | Orc:2    | Noticed Nessos
 21089 | Orc:2    | Killed Nessos
 21155 | Orc:2    | Found Zewn's Weapon Shoppe.
 21173 | Orc:2    | Noticed Snorg
 21186 | Orc:2    | Killed Snorg
 21324 | Orc:2    | Noticed Jorgrun
 21352 | Orc:2    | Killed Jorgrun
 21401 | Orc:2    | Received a gift from Trog
 21420 | Orc:2    | Noticed Josephine
 21439 | Orc:2    | Killed Josephine
 21553 | Orc:2    | Found Giabav's Antique Weapon Shop.
 21553 | Orc:2    | Found Wenlifiz's Jewellery Emporium.
 21603 | Orc:2    | Reached skill level 10 in Throwing
 21803 | Orc:2    | Found Lury's Book Shop.
 21883 | Orc:2    | Found Qisuptyo's Armour Emporium.
 21986 | Orc:2    | Found a staircase to the Elven Halls.
 22062 | Orc:1    | Noticed Sonja
 22082 | Orc:1    | Killed Sonja
 22301 | Orc:1    | Found a burning altar of Makhleb.
 22568 | Orc:2    | Bought a +2 buckler of poison resistance for 314 gold
                  | pieces
 22744 | Swamp:1  | Entered Level 1 of the Swamp
 22764 | Swamp:1  | Noticed Mlioglotl
 22775 | Swamp:1  | Killed Mlioglotl
 22839 | Swamp:1  | Noticed Aizul
 22865 | Swamp:1  | Killed Aizul
 23011 | Swamp:1  | Noticed Frances
 23032 | Swamp:1  | Killed Frances
 24017 | Swamp:2  | You are sucked into a shaft and drop 1 floor!
 24026 | Swamp:3  | Noticed a thorn hunter
 24048 | Swamp:3  | Received a gift from Trog
 24062 | Swamp:3  | Killed a thorn hunter
 24162 | Swamp:3  | Noticed Nikola
 24185 | Swamp:3  | Killed Nikola
 24218 | Swamp:3  | Reached XP level 17. HP: 60/94 MP: 18/18
 24360 | Swamp:3  | Noticed Donald
 24378 | Swamp:3  | Killed Donald
 25336 | Swamp:2  | Received a gift from Trog
 26014 | Swamp:4  | Entered Level 4 of the Swamp
 26297 | Swamp:4  | HP: 1/142 [spriggan druid/angry trees (10)]
 26301 | Swamp:4  | Killed from afar by a will-o-the-wisp

Illustrated notes

Levels and vault maps discovered:
D:1:      minmay_arrival_semitransparent, layout_loops_ring,
          hellmonk_ecumenical_altar_dog_temple
D:2:      layout_loops_ring, st_stairs_8
D:3:      layout_rooms
D:4:      layout_cave_pods, lemuel_round_altar,
          nicolae_ru_great_annihilating_truth, kennysheep_mini_moat,
          mainiacjoe_overflow_paths, nicolae_ossuary_entry_monument,
          hangedman_decor_lopped
D:5:      layout_loops_ring, mainiacjoe_overflow_six_doors_small,
          minmay_temple_entry_trees, uniq_duvessa
D:6:      layout_basic, overflow_temple_1_default, amcnicky_altar_gilded,
          gup_sewer_entry_pipe, uniq_eustachio
D:7:      layout_rooms, grunt_dithmenos_shadows, uniq_prince_ribbit1
D:8:      layout_loops_ring, overflow_temple_1_default, lair_entry_dummy,
          serial_rivers, chequers_serial_rivers_micro_c,
          chequers_serial_rivers_room_b, chequers_serial_rivers_micro_a,
          chequers_serial_rivers_large_b, chequers_serial_rivers_micro_c,
          chequers_serial_rivers_small_3, dk_noncrumbling_2,
          corexii_leaking_fountain, hangedman_decor_push, minmay_hedge_maze,
          dreamdust_deal_with_the_devil, minmay_evil_grid
D:9:      layout_basic, trog_ov_bears_minmay
D:10:     layout_basic, pdpol_temple_overflow_zin_treasury_gozag_greed,
          chequers_temple_overflow_minitemple
D:11:     layout_cave_pools, david_orc_1_choice, nicolae_shop_fire_sale
          [nicolae_sub_dead_trees], minmay_fractal_squares_diagonal_5,
          uniq_erolcha, uniq_maurice, uniq_harold, uniq_psyche
D:12:     layout_gridville, okawaru_gym_becter
D:13:     layout_rooms, uniq_kirke
D:14:     kennysheep_green_arena, layout_loops_ring, david_vaults_1,
          hangedman_glass_teeth, chequers_serial_rivers_marsh,
          nicolae_ashenzari_skybound
D:15:     gammafunk_depths_entry_grave, layout_stronghold, serial_shops,
          nicolae_shop_waterfront, serial_bayou_ford_a,
          gammafunk_ghost_necromancy
Lair:1:   layout_roguey, uniq_nergalle, uniq_erica
Lair:2:   layout_regular_city, swamp_mist_pool, gammafunk_ghost_abyssal_escape,
          serial_rivers, chequers_serial_rivers_small_3,
          chequers_serial_rivers_marsh, chequers_serial_rivers_micro_b,
          chequers_serial_rivers_micro_d, chequers_serial_rivers_small_3,
          chequers_serial_rivers_room_b, fungi_pond_lemuel,
          chequers_serial_rivers_micro_e, serial_bayou_shore_a, uniq_maggie
Lair:3:   layout_roguey, eino_small_chamber_without_monster,
          nicolae_lair_lil_pond
Lair:4:   layout_misc_corridors, dummy_snake_entry, grunt_megastairs_2
Lair:5:   layout_gridlike, slime_altar_1, gauntlet_entry_generic,
          cheibrodos_lair_caveside_slide
Lair:6:   evil_forest, layout_gridlike, serial_bayou_pond_e,
          infiniplex_staircase_pool_2
Swamp:1:  layout_falls_marsh, nicolae_swamp_feature_on_the_river_bank,
          uniq_aizul, uniq_frances, uniq_mlioglotl
Swamp:2:  nicolae_swamp_flooded_prison, layout_basic_swamp, nicolae_swamp_oxbows
Swamp:3:  layout_basic_swamp, nicolae_swamp_fairy_circle, uniq_nikola,
          uniq_donald
Swamp:4:  swamp, layout_basic_swamp, swamp_pool2, statue_in_the_mist_lemuel,
          uniq_bai_suzhen
Orc:1:    layout_caves, bloody_makhleb, uniq_sonja
Orc:2:    st_orc_town, layout_caves, serial_shops,
          nicolae_shop_bloodbath_and_beyond, uniq_josephine, uniq_nessos,
          uniq_snorg, uniq_jorgrun

Skill      XL: |  1  2  3  4  5  6  7  8  9 10 11 12 13 14 15 16 17 |
---------------+----------------------------------------------------+-----
Short Blades   | 3 4 5 6 8 |  8.0
Fighting       | 3 4 5 6 7 8 10 11 12 13 | 13.6
Armour         | 2 3 5 7 8 10 11 12 13 | 13.3
Dodging        | 3 5 6 |  6.0
Shields        | 4 8 10 12 13 14 | 14.0
Throwing       | 4 8 11 13 | 13.2
Evocations     | 4 6 |  6.0

Action                   |  1- 3 |  4- 6 |  7- 9 | 10-12 | 13-15 | 16-18 || total
-------------------------+-------+-------+-------+-------+-------+-------++-------
Melee: Short sword       |    16 |       |       |       |       |       ||    16
       Dagger            |    88 |   157 |    65 |       |       |       ||   310
       Bite              |    18 |    54 |   110 |   232 |   643 |   673 ||  1730
       Punch             |     3 |     4 |     4 |     7 |       |       ||    18
       Quick blade       |       |       |   334 |   591 |  1395 |  1486 ||  3806
Throw: Dart              |       |       |     2 |    15 |    14 |     1 ||    32
       Boomerang         |       |       |       |       |       |     3 ||     3
       Throwing net      |       |       |       |       |       |     1 ||     1
Invok: Berserk           |     2 |     3 |     3 |     3 |     4 |     9 ||    24
       Trog's Hand       |       |       |       |     1 |     2 |     4 ||     7
       Brothers in Arms  |       |       |       |       |     2 |     3 ||     5
Evoke: Wand              |       |       |       |       |     2 |     2 ||     4
  Use: Scroll            |       |     5 |    17 |     3 |     9 |       ||    34
       Potion            |       |       |       |       |       |     2 ||     2
 Stab: Sleeping          |     2 |       |       |       |       |       ||     2
       Invisible         |       |       |     1 |       |       |       ||     1
       Paralysed         |       |       |     1 |       |       |       ||     1
Armor: Animal skin       |    10 |       |       |       |       |       ||    10
       Leather armour    |    24 |    28 |    13 |       |       |       ||    65
       Scale mail        |       |       |    40 |       |       |       ||    40
       Plate armour      |       |       |    19 |   178 |   469 |   573 ||  1239
Dodge: Dodged            |    50 |    73 |   101 |    90 |   204 |   233 ||   751
Block: Buckler           |       |       |       |    22 |   133 |    22 ||   177
       Kite shield       |       |       |       |       |   115 |   476 ||   591
       Reflection        |       |       |       |       |       |     1 ||     1
